 Dungeon Crawl Stone Soup version 0.29.1-2-gbd0b4ee654 (webtiles) character file.

Game seed: 13877672876549213886

2078 AlexRAT the Fighter (level 9, -5/81 HPs)
             Began as a Minotaur Berserker on Oct 23, 2022.
             Was an Elder of Trog.
             Slain by an orc knight
             ... wielding a +0 broad axe
              (29 damage)
             ... in a bailey.
             The game lasted 00:12:20 (7969 turns).

AlexRAT the Fighter (Minotaur Berserker)            Turns: 7969, Time: 00:12:21

Health: -5/81      AC: 14    Str: 30    XL:     9   Next: 6%
Magic:  8/8        EV: 11    Int:  6    God:    Trog [****..]
Gold:   791        SH:  0    Dex: 10    Spells: 8/8 levels left

rFire   + . .      SeeInvis +   t - +0 whip (venom)
rCold   + . .      Faith    .   (no shield)
rNeg    . . .      Spirit   .   h - +0 chain mail
rPois   .          Reflect  .   (helmet restricted)
rElec   .          Harm     .   A - scarf {rC+ rF+}
rCorr   .          Rampage  .   D - +2 pair of gloves
Will    ++...                   (no boots)
Stlth   ..........              o - amulet "Vohot" {Acrobat Regen+ Str+4 Int+2}
HPRegen 2.03/turn               g - ring of see invisible
MPRegen 0.11/turn               (no ring)

@: about to teleport, strong-willed, on berserk cooldown, regenerating, slowed,
very slow
A: horns 2, retaliatory headbutt
a: Renounce Religion, Berserk, Trog's Hand, Brothers in Arms


You were in a bailey.
You worshipped Trog.
Trog was greatly pleased with you.
You visited 1 branch of the dungeon, and saw 7 of its levels.
You also visited: Sewer and Bailey.

You collected 791 gold pieces.

Inventory:

Hand Weapons
 a - a +0 hand axe
 t - a +0 whip of venom (weapon)
 z - a +2 hand axe of holy wrath
Missiles
 y - 5 javelins (quivered)
Armour
 b - a +0 animal skin
 h - a +0 chain mail (worn)
 i - a +0 pair of gloves
 A - a scarf of resistance (worn)
 D - a +2 pair of gloves (worn)
Jewellery
 g - a ring of see invisible (left hand)
 o - the amulet "Vohot" (around neck) {Acrobat Regen+ Str+4 Int+2}
   (You acquired it on level 6 of the Dungeon)

   [amulet of the acrobat]

   It increases your evasion while moving and waiting.
   Str:       It affects your strength (+4).
   Int:       It affects your intelligence (+2).
   Regen:     It increases your rate of health regeneration.
Wands
 q - a wand of roots (3)
Scrolls
 f - a scroll of torment
 k - 4 scrolls of teleportation
 l - 3 scrolls of poison
 m - a scroll of silence
 n - a scroll of magic mapping
 p - a scroll of enchant weapon {unknown}
 s - 2 scrolls of amnesia {unknown}
 B - a scroll of fog {unknown}
Potions
 c - 3 potions of mutation {unknown}
 d - a potion of might {unknown}
 e - a potion of haste
 j - a potion of magic {unknown}
 r - 4 potions of lignification {unknown}
 u - 3 potions of resistance {unknown}
 v - a potion of berserk rage {unknown}
 w - 4 potions of cancellation {unknown}
 x - a potion of heal wounds {unknown}
 C - a potion of degeneration {unknown}
 E - 2 potions of brilliance {unknown}
 F - a potion of attraction {unknown}


   Skills:
 + Level 8.0 Fighting
 + Level 8.0 Axes
 + Level 7.5 Armour
 + Level 6.9 Dodging


You had 8 spell levels left.
You didn't know any spells.
Your spell library was empty.

Dungeon Overview and Level Annotations

Branches:
Dungeon (7/15)             Temple (0/1) D:6           Sewer (visited)
 Bailey (1/1)

Altars:
Ashenzari
Cheibriados
Nemelex Xobeh
Ru

Shops:
D:2 =

Annotations:
D:3 1 runed translucent door, GeoRichter's ghost, amateur DsEE
D:5 3 runed translucent doors, ImASeal's ghost, novice HOFi; Poofo's ghost, novice MiFi; Shavain's ghost, amateur OpHu; caveywoolpert's ghost, novice HOFi; kdlk's ghost, amateur DrIE
D:6 exclusion: oklob sapling


Innate Abilities, Weirdness & Mutations

You have a pair of horns on your head.
You reflexively headbutt those who attack you in melee.


Message History

Your base attributes are Str 24, Int 4, Dex 10.
Increase (S)trength, (I)ntelligence, or (D)exterity?
You feel stronger. x2
You closely miss the kobold brigand. The kobold brigand closely misses you.
You furiously retaliate!
You headbutt the kobold brigand! You closely miss the kobold brigand.
Your headbutt misses the kobold brigand.
The kobold brigand is moderately wounded.
The kobold brigand hits you with a +0 war axe.
You whack the kobold brigand!
The kobold brigand is poisoned.
The kobold brigand is severely wounded.
The kobold brigand barely misses you.
You miss the orc knight.
An orc knight comes into view. It is wielding a +0 war axe. x2
The kobold brigand closely misses you. The orc knight misses you.
The orc knight shouts!
You hit the orc knight.
The orc knight is poisoned.
The orc knight is lightly wounded.
The orc knight roars a battlecry!
The orc knight goes into a battle-frenzy!
The kobold brigand misses you. You furiously retaliate!
You headbutt the kobold brigand!
You kill the kobold brigand!
Trog accepts your kill.
The orc knight hits you with a +0 broad axe!!!
Your Fighting skill increases to level 8!
Your Axes skill increases to level 8!
You hit the orc knight.
The orc knight looks as sick as possible!
Your headbutt misses the orc knight.
The orc knight is lightly wounded.
You are no longer berserk.
You are exhausted.
You feel as though you will be slow longer.
The orc knight hits you with a +0 broad axe!!
* * * LOW HITPOINT WARNING * * *
As you read the scroll of teleportation, it crumbles to dust.
You feel strangely unstable.
The orc knight hits you with a +0 broad axe!!
You die...

#.###~~.......~~###.#
#....~~.......~~....#
#####~~.......~~#####
##~.......~##
####'''#### ##.....##
#∩.....∩# #..o8...#
##@oK..## ###K###
...# ..K... .K......
...........
.K...o......
.............


You could see 2 orc knights and 2 kobold brigands.

Vanquished Creatures
  Eustachio (D:6)
  Menkaure (D:6)
  2 ogres (D:4)
  A black bear (D:5)
  6 kobold brigands
  A gnoll sergeant (D:6)
  A scorpion (D:5)
  3 wights (D:6)
  2 quasits (Sewer)
  3 orc priests
  A hound (D:6)
  A jelly (D:5)
  3 iguanas
  An orc wizard (D:6)
  4 gnolls (D:6)
  11 adders
  3 river rats (D:4)
  4 shadow imps (Sewer)
  4 ufetubi
  2 worms (D:2)
  4 dart slugs
  16 orcs
  9 endoplasms
  8 giant cockroaches
  7 goblins
  9 hobgoblins
  10 quokkas
  9 ball pythons
  6 bats
  3 frilled lizards
  30 kobolds
  A kobold zombie (Sewer)
  8 rats
175 creatures vanquished.

Vanquished Creatures (others)
  Grinder (Sewer)
  A giant cockroach zombie (Sewer)
2 creatures vanquished.

Grand Total: 177 creatures vanquished

Notes
Turn   | Place    | Note
-------+----------+-------------------------------------------
     0 | D:1      | AlexRAT the Minotaur Berserker began the quest for the Orb.
     0 | D:1      | Reached XP level 1. HP: 19/19 MP: 0/0
   114 | D:1      | Reached XP level 2. HP: 22/27 MP: 1/1
   774 | D:1      | Reached ** piety under Trog
   775 | D:1      | Reached XP level 3. HP: 26/33 MP: 2/2
  1121 | D:1      | Found a faded altar of an unknown god.
  1529 | D:2      | Reached XP level 4. HP: 40/40 MP: 3/3
  1753 | D:2      | Found a sacrificial altar of Ru.
  1764 | D:2      | Found Jenonol's Jewellery Emporium.
  2410 | D:3      | Found a broken altar of Ashenzari.
  2453 | D:3      | Reached *** piety under Trog
  2927 | D:3      | Reached XP level 5. HP: 32/47 MP: 4/4
  3253 | D:3      | Found a runed translucent door.
  3262 | D:3      | Noticed GeoRichter's ghost (amateur DsEE)
  3613 | D:4      | Found a glowing drain.
  3617 | Sewer    | Entered a sewer
  3647 | Sewer    | Reached skill level 5 in Fighting
  3713 | Sewer    | Reached skill level 5 in Axes
  3859 | Sewer    | Found a burning altar of Makhleb.
  3877 | Sewer    | Reached XP level 6. HP: 41/56 MP: 5/5
  4053 | Sewer    | Noticed Grinder
  4079 | Sewer    | Killed Grinder
  4080 | Sewer    | Reached skill level 5 in Armour
  4080 | Sewer    | Reached XP level 7. HP: 47/62 MP: 6/6
  4775 | D:4      | Reached skill level 5 in Dodging
  5018 | D:5      | Entered Level 5 of the Dungeon
  5026 | D:5      | Reached **** piety under Trog
  5043 | D:5      | Found a runed translucent gate.
  5053 | D:5      | Found a runed translucent gate.
  5054 | D:5      | Found a runed translucent gate.
  5054 | D:5      | Noticed Poofo's ghost (novice MiFi)
  5054 | D:5      | Noticed Shavain's ghost (amateur OpHu)
  5054 | D:5      | Noticed ImASeal's ghost (novice HOFi)
  5059 | D:5      | Noticed caveywoolpert's ghost (novice HOFi)
  5059 | D:5      | Noticed kdlk's ghost (amateur DrIE)
  5461 | D:5      | Reached XP level 8. HP: 64/71 MP: 7/7
  5835 | D:6      | Noticed Eustachio
  5850 | D:6      | Killed Eustachio
  6248 | D:6      | Found a staircase to the Ecumenical Temple.
  6862 | D:6      | Noticed Menkaure
  7119 | D:6      | Killed Menkaure
  7452 | D:6      | Found a snail-covered altar of Cheibriados.
  7452 | D:6      | Found a sparkling altar of Nemelex Xobeh.
  7720 | D:6      | Identified a scroll of acquirement
  7721 | D:6      | Acquired the amulet "Vohot" {Acrobat Regen+ Str+4 Int+2}
  7772 | D:7      | Found a flagged portal.
  7788 | Bailey   | Entered a bailey
  7955 | Bailey   | Noticed an orc knight
  7963 | Bailey   | Reached XP level 9. HP: 81/81 MP: 8/8
  7966 | Bailey   | Noticed an orc knight
  7966 | Bailey   | Noticed an orc knight
  7969 | Bailey   | Slain by an orc knight

Illustrated notes

Levels and vault maps discovered:
D:1:      erik_arrival_orb_chamber, layout_loops_ring,
          shapermc_ecumenical_altar_mp_highgroup, minmay_tetromino_t4
D:2:      layout_basic, serial_shops, nicolae_shop_stone, basic_altar
D:3:      layout_basic, mainiacjoe_overflow_catwalk, ebering_ghost_sewer_d,
          minmay_misc_feat_x, nicolae_concentric_dashed_squares_wild
D:4:      layout_loops_ring, gup_sewer_entry_spiral
D:5:      layout_loops_cross, gammafunk_ghost_cemetery, hex_tiny
D:6:      layout_basic, gammafunk_temple_overflow_statue,
          minmay_temple_entry_oklob, chequers_serial_rivers_large_a,
          uniq_eustachio, uniq_menkaure
D:7:      layout_loops_cross, enter_bailey_4
Bailey:   bailey_axe_3, bailey

Skill      XL: |  1  2  3  4  5  6  7  8  9 |
---------------+----------------------------+-----
Fighting       | 4 5 6 7 8 |  8.0
Axes           | 4 5 6 7 8 |  8.0
Armour         | 3 4 5 6 7 |  7.5
Dodging        | 3 4 5 6 |  6.9

Action                   |  1- 3 |  4- 6 |  7- 9 || total
-------------------------+-------+-------+-------++-------
Melee: Hand axe          |    87 |   133 |    13 ||   233
       Headbutt          |     9 |    25 |    37 ||    71
       Whip              |       |    57 |   173 ||   230
       Punch             |       |     1 |     1 ||     2
Invok: Berserk           |       |     2 |     3 ||     5
       Trog's Hand       |       |     1 |     2 ||     3
  Use: Potion            |       |     1 |       ||     1
       Scroll            |       |       |     9 ||     9
 Stab: Sleeping          |     1 |       |       ||     1
Armor: Animal skin       |    12 |       |       ||    12
       Chain mail        |    14 |   155 |    87 ||   256
Dodge: Dodged            |    53 |   129 |   109 ||   291
